 Dungeon Crawl Stone Soup version 0.30-a0-757-ga6a79fd877 (webtiles) character file.

Game seed: 8929576072666053961

267 sircluck the Chopper (level 6, -13/53 HPs)
             Began as a Hill Orc Fighter on Feb 9, 2023.
             Killed by divine providence
             ... invoked by an orc priest
              (15 damage)
             ... on level 3 of the Dungeon.
             The game lasted 00:05:06 (2801 turns).

sircluck the Chopper (Hill Orc Fighter)             Turns: 2801, Time: 00:05:07

Health: -13/53     AC:  8    Str: 21    XL:     6   Next: 21%
Magic:  6/6        EV:  8    Int:  8    God:
Gold:   190        SH:  8    Dex: 10    Spells: 5/5 levels left

rFire   . . .      SeeInvis .    a - +0 war axe
rCold   . . .      Faith    .    l - +0 kite shield
rNeg    . . .      Spirit   .    b - +0 scale mail
rPois   .          Reflect  .    (no helmet)
rElec   .          Harm     .    i - +0 cloak
rCorr   .          Rampage  .    (no gloves)
Will    .....                    (no boots) Stlth
                                 (no amulet)
HPRegen 0.28/turn                (no ring)
MPRegen 0.10/turn                (no ring)

@: no status effects
A: no striking features
a: Convert to Beogh


You were on level 3 of the Dungeon.
You visited 1 branch of the dungeon, and saw 3 of its levels.

You collected 190 gold pieces.

Inventory:

Hand Weapons
 a - a +0 war axe (weapon)
 k - a +0 spear
 u - a +0 war axe
 A - a +1 short sword of venom
Missiles
 h - 21 stones (quivered)
 y - 5 boomerangs
 z - 3 poisoned darts
Armour
 b - a +0 scale mail (worn)
 c - a +0 buckler
 f - a +0 ring mail
 i - a +0 cloak (worn)
 j - a +0 robe
 l - a +0 kite shield (worn)
Jewellery
 g - a ring of willpower
 p - an amulet of magic regeneration
 w - a +6 ring of intelligence
Scrolls
 m - 2 scrolls of poison {unknown}
 n - a scroll of noise {unknown}
 q - a scroll of silence {unknown}
 s - a scroll of magic mapping {unknown}
 t - a scroll of blinking {unknown}
 v - a scroll of amnesia {unknown}
 x - a scroll of teleportation {unknown}
 E - a scroll of identify {unknown}
Potions
 d - 2 potions of might
 e - a potion of lignification {unknown}
 o - a potion of ambrosia {unknown}
 r - 2 potions of flight {unknown}
 B - a potion of heal wounds {unknown}
 C - a potion of attraction {unknown}
 D - 2 potions of curing {unknown}


   Skills:
 + Level 4.4 Fighting
 + Level 5.4 Axes
 + Level 4.8 Armour
 + Level 1.1 Dodging
 + Level 0.1 Stealth
 + Level 4.1 Shields


You had 5 spell levels left.
You didn't know any spells.
Your spell library was empty.

Dungeon Overview and Level Annotations

Branches:
Dungeon (3/15)

Altars:
Fedhas


Message History

The orc priest hits you with a +0 falchion.
* * * LOW HITPOINT WARNING * * *
The orc priest casts a cantrip, but nothing happens.
You closely miss the orc priest. The orc priest closely misses you.
You hit the orc priest.
The orc priest is lightly wounded.
The orc priest hits you but does no damage.
You closely miss the orc priest.
The orc priest is lightly wounded.
The orc priest shouts, "Surrender to Beogh and we'll let you live!"
The orc priest casts a cantrip, but nothing happens.
You block the orc priest's attack.
The orc priest looks braver for a moment.
The orc priest closely misses you.
The orc priest threatens, "By the altar or by the axe, you will meet Beogh!"
You slash the orc priest!
The orc priest is severely wounded.
You block the orc priest's attack.
You closely miss the orc priest.
The orc priest is severely wounded.
The orc priest hits you but does no damage.
The orc priest calls upon Beogh to heal the orc priest.
The orc priest is healed somewhat.
The orc priest calls down the wrath of Beogh upon you.
You barely resist. You closely miss the orc priest.
The orc priest is moderately wounded.
The orc priest mumbles some strange prayers to Beogh against you.
Pain shoots through your body!
* * * LOW HITPOINT WARNING * * *
You slash the orc priest!
The orc priest is almost dead.
The orc priest shouts, "Join the one true god or die!"
The orc priest hits you with a +0 falchion.
* * * LOW HITPOINT WARNING * * *
You closely miss the orc priest.
The orc priest is almost dead.
The orc priest mumbles some strange prayers to Beogh against you.
Beogh smites you!
You die...

#.........####...†####
+.........'...........
#.........####....####
#.......## ##.#.#
##.....## ###.#
##...## #.# ##'## ..#
#.# ### ##### #@#
......#o## ..o...ooo#
.####.....# #....##
#.#.## ..... ######


You could see 3 orc priests and an orc.

Vanquished Creatures
  A black bear (D:3)
  Jessica (D:2)
  8 adders
  2 worms
  4 dart slugs
  An orc (D:3)
  16 ball pythons
  3 endoplasms
  A giant cockroach (D:2)
  3 hobgoblins (D:2)
  2 quokkas
  8 bats
  6 frilled lizards
  3 goblins
  3 kobolds
  4 rats
66 creatures vanquished.

Vanquished Creatures (others)
  35 plants
35 creatures vanquished.

Grand Total: 101 creatures vanquished

Notes
Turn   | Place    | Note
-------+----------+-------------------------------------------
     0 | D:1      | sircluck the Hill Orc Fighter began the quest for the Orb.
     0 | D:1      | Reached XP level 1. HP: 19/19 MP: 1/1
   350 | D:1      | Reached XP level 2. HP: 27/27 MP: 2/2
   355 | D:1      | Reached skill level 3 in Axes
   812 | D:2      | Noticed Jessica
   819 | D:2      | Killed Jessica
   820 | D:2      | Reached XP level 3. HP: 31/33 MP: 3/3
   874 | D:2      | Reached XP level 4. HP: 40/40 MP: 4/4
   969 | D:2      | Found a blossoming altar of Fedhas.
  1093 | D:2      | Reached skill level 4 in Axes
  2003 | D:3      | Noticed a black bear
  2011 | D:3      | Killed a black bear
  2012 | D:3      | Reached skill level 1 in Dodging
  2012 | D:3      | Reached XP level 5. HP: 32/47 MP: 5/5
  2217 | D:3      | Reached skill level 5 in Axes
  2350 | D:3      | Reached XP level 6. HP: 45/53 MP: 6/6
  2800 | D:3      | HP: 2/53 [orc priest/+0 falchion (5)]
  2801 | D:3      | Killed from afar by an orc priest

Illustrated notes

Levels and vault maps discovered:
D:1:      eino_arrival_tree_alley, layout_rooms, wad_floor_pattern_1
D:2:      cheibrodos_old_hovel, layout_basic, basic_altar, minmay_pentomino_o2,
          uniq_jessica
D:3:      layout_loops_corners, minmay_snake_closets

Skill      XL: |  1  2  3  4  5 |
---------------+----------------+-----
Axes           | 3 4 5 |  5.4
Fighting       | 4 |  4.4
Armour         | 4 |  4.8
Dodging        | 1 |  1.1
Shields        | 4 |  4.1
Stealth        | |  0.1

Action                     |  1- 3 |  4- 6 || total
---------------------------+-------+-------++-------
  Melee: War axe           |    88 |   162 ||   250
 Armour: Scale mail        |    29 |    74 ||   103
  Dodge: Dodged            |    20 |    68 ||    88
  Block: Buckler           |     6 |       ||     6
         Kite shield       |    15 |    76 ||    91

Table legend: (Time is in decaauts)
 A = Elapsed time spent in this place.
 B = Non-inter-level travel time spent in this place.
 C = Inter-level travel time spent in this place.
 D = Time resting spent in this place.
 E = Time spent auto-exploring this place.
 F = Levels seen in this place.
 G = Mean time per level.
                   A        B        C        D        E       F      G
               +--------+--------+--------+--------+--------+-----+--------+
         Total |   2913 |   2547 |    366 |      0 |   1855 |   3 |  971.0 |
       Dungeon |   2913 |   2547 |    366 |      0 |   1855 |   3 |  971.0 |
               +--------+--------+--------+--------+--------+-----+--------+

Top non-repeatable levels by time:
     D:2: 1144 daAuts
     D:3: 945 daAuts
     D:1: 822 daAuts
